 Dungeon Crawl Stone Soup version 0.28-a0-1560-g060a6a1bfc (webtiles) character file.

Game seed: 8958791952007798081

197 BritishOli the Slasher (level 5, 41/41 HPs)
             Began as a Demonspawn Gladiator on Jan 19, 2022.
             Got out of the dungeon alive.
             The game lasted 00:03:04 (2686 turns).

BritishOli the Slasher (Demonspawn Gladiator)       Turns: 2686, Time: 00:03:05

Health: 41/41      AC: 10    Str: 16    XL:     5   Next: 46%
Magic:  5/5        EV: 10    Int: 10    God:
Gold:   142        SH:  0    Dex: 14    Spells: 4/4 levels left

rFire   . . .      SeeInvis .   l - +0 short sword (elec)
rCold   . . .      Faith    .   (no shield)
rNeg    . . .      Spirit   .   e - +0 scale mail
rPois   .          Reflect  .   c - +0 helmet
rElec   .          Harm     .   q - +0 cloak
rCorr   .          Rampage  .   (no gloves)
Will    .....                   (no boots)
Stlth   ..........              k - amulet of regeneration
HPRegen 0.93/turn               (no ring)
MPRegen 0.09/turn               (no ring)

@: no status effects
A: thin metallic scales 1, demonic magic 1, weakness stinger 2
a: no special abilities


You escaped.
You visited 1 branch of the dungeon, and saw 4 of its levels.

You collected 142 gold pieces.

Inventory:

Hand Weapons
 a - a +0 long sword
 l - a +0 short sword of electrocution (weapon)
Missiles
 d - 4 throwing nets (quivered)
 g - 5 silver javelins
Armour
 c - a +0 helmet (worn)
 e - a +0 scale mail (worn)
 q - a +0 cloak (worn)
Jewellery
 k - an amulet of regeneration (around neck)
Wands
 m - a wand of mindburst (14)
Scrolls
 b - a scroll of fog {unknown}
 h - 3 scrolls of enchant armour {unknown}
 i - a scroll of fear {unknown}
 j - 2 scrolls of identify {unknown}
 o - a scroll of blinking {unknown}
 p - a scroll of acquirement {unknown}
Potions
 f - 2 potions of curing {unknown}
 n - a potion of might {unknown}


   Skills:
 * Level 3.4 Fighting
 * Level 3.8 Long Blades
 - Level 2.3 Throwing
 + Level 1.1 Armour
 + Level 3.5 Dodging


You had 4 spell levels left.
You didn't know any spells.
Your spell library contained the following spells:

 Spells                   Type           Power      Damage    Failure   Level
 Scorch                   Fire           0%         2d5       91%         2
 Call Canine Familiar     Summ           0%         N/A       99%         3
 Portal Projectile        Hex/Tloc       0%         N/A       99%         3
 Flame Wave               Conj/Fire      0%         2d4       100%        4
 Leda's Liquefaction      Hex/Erth       0%         N/A       100%        4
 Summon Cactus Giant      Summ           0%         N/A       100%        6


Dungeon Overview and Level Annotations

Branches:
Dungeon (4/15)
 Temple: D:4-7

Altars:

Shops:
D:3 =


Innate Abilities, Weirdness & Mutations

You are partially covered in thin metallic scales. (AC +2)
Spells you cast may paralyse adjacent enemies.
You have a tail ending in a sharp stinger.


Message History

You kill the ogre!
Your Armour skill increases to level 1!
You have reached level 5!
Your demonic ancestry asserts itself...
A menacing aura infuses your magic.
(D) Dungeon
Where to? (Enter - D:4, ? - help)
Things that are here:
a +0 club; an orc corpse An endoplasm comes into view.
The endoplasm quivers.
The endoplasm moves out of view.
There is a stone staircase leading up here.
(D) Dungeon
Where to? (Enter - D:3, ? - help)
You climb upwards.
There is a stone staircase leading down here.
(D) Dungeon
Where to? (Enter - D:3, ? - help)
There is a stone staircase leading up here.
You climb upwards.
There is a stone staircase leading down here.
(D) Dungeon
Where to? (Enter - D:2, ? - help)
There is an open door here.
There is an open door here.
There is an open door here.
There is a stone staircase leading up here.
You climb upwards.
There is a stone staircase leading down here.
(D) Dungeon
Where to? (Enter - D:1, ? - help)
Okay, then.
There is a fountain of clear blue water here.
There is a fountain of clear blue water here.
There is a fountain of clear blue water here.
There is a stone staircase leading down here.
There is a staircase leading out of the dungeon here.
Are you sure you want to leave the Dungeon?
This will make you lose the game!
You have escaped!

..........###....##.#####.#
#####.....# #....##.....#.#######
#####.....# #....##.....#........
#...#.....###....##.....#.#######
'...+...................#'######
#...##[....#..#####..##........#
#...##.####..#.....#..#........##
#...##.###..#.......#..........'.
######.##..#....@....#.........##
## #.##...#.......#..#..)....# .#
#.##.#..#.....#..##.......#
.#####.##.##..#####..###.......#
..........###.......## #.......#
.#####.##.######...#####.......#
.#.#......................######
.#.#.#.##.###############.#######
.#.#.#.##.# #........# #.......#


There were no monsters in sight!

Vanquished Creatures
  An ogre (D:4)
  Robin (D:3)
  An adder (D:2)
  A worm (D:3)
  4 dart slugs
  An orc (D:4)
  6 endoplasms
  2 giant cockroaches (D:3)
  10 goblins
  8 hobgoblins
  4 jackals (D:2)
  3 quokkas
  7 ball pythons
  11 bats
  4 frilled lizards
  6 kobolds
  6 rats
76 creatures vanquished.

Notes
Turn   | Place    | Note
-------+----------+-------------------------------------------
     0 | D:1      | BritishOli the Demonspawn Gladiator began the quest for the
                  | Orb.
     0 | D:1      | Reached XP level 1. HP: 16/16 MP: 1/1
   293 | D:1      | Found Lycs's Weapon Shoppe.
   326 | D:1      | Gained mutation: You have a small tail. [demonic ancestry]
   326 | D:1      | Reached XP level 2. HP: 16/22 MP: 2/2
   601 | D:1      | Found a faded altar of an unknown god.
  1214 | D:2      | Gained mutation: You have a tail ending in a sharp stinger.
                  | [demonic ancestry]
  1214 | D:2      | Reached XP level 3. HP: 27/28 MP: 3/3
  1868 | D:3      | Gained mutation: You are partially covered in thin metallic
                  | scales. (AC +2) [demonic ancestry]
  1868 | D:3      | Reached XP level 4. HP: 34/34 MP: 4/4
  1923 | D:3      | Noticed Robin
  1937 | D:3      | Killed Robin
  2077 | D:3      | Found Patseo's Jewellery Shop.
  2494 | D:4      | Noticed an ogre
  2499 | D:4      | Killed an ogre
  2500 | D:4      | Reached skill level 1 in Armour
  2500 | D:4      | Gained mutation: Spells you cast may paralyse adjacent
                  | enemies. [demonic ancestry]
  2500 | D:4      | Reached XP level 5. HP: 41/41 MP: 5/5
  2686 | D:$      | Got out of the dungeon alive.

Illustrated notes

Levels and vault maps discovered:
D:1:      scummos_arrival_hexagon, layout_basic, ebering_ecumenical_altar_rust,
          serial_shops, shop_fountains, chequers_garden
D:2:      layout_basic, minmay_box_of_dots
D:3:      layout_loops_ring, serial_shops, shop, uniq_robin
D:4:      layout_rooms, minmay_temple_entry_enclosed_plants,
          minmay_misc_feat_chi

Skill      XL: |  1  2  3  4 |
---------------+-------------+-----
Throwing       | 2 |  2.3
Long Blades    | 3 |  3.8
Dodging        | 3 |  3.5
Fighting       | 3 |  3.4
Armour         | 1 |  1.1

Action                   |  1- 3 |  4- 6 || total
-------------------------+-------+-------++-------
Melee: Long sword        |   100 |       ||   100
       Tailslap          |    10 |     9 ||    19
       Punch             |     3 |     1 ||     4
       Short sword       |    37 |    69 ||   106
Armor: Scale mail        |    93 |    42 ||   135
       Leather armour    |     4 |       ||     4
Dodge: Dodged            |   110 |    25 ||   135

Table legend: (Time is in decaauts)
 A = Elapsed time spent in this place.
 B = Non-inter-level travel time spent in this place.
 C = Inter-level travel time spent in this place.
 D = Time resting spent in this place.
 E = Time spent auto-exploring this place.
 F = Levels seen in this place.
 G = Mean time per level.
                   A        B        C        D        E       F      G
               +--------+--------+--------+--------+--------+-----+--------+
         Total |   2712 |   2449 |    263 |      0 |   1964 |   4 |  678.0 |
       Dungeon |   2712 |   2449 |    263 |      0 |   1964 |   4 |  678.0 |
               +--------+--------+--------+--------+--------+-----+--------+

Top non-repeatable levels by time:
     D:1: 1314 daAuts
     D:2: 702 daAuts
     D:3: 655 daAuts
     D:4: 39 daAuts
